cohdb
Replays
Latest Replays
All Replays
Popular Replays
Top Player Replays
Match Explorer
How It Works
Community
CoH3 Stats
Reddit
Sign in to upload your games and track your stats! →
Sign in with Steam
Match 43853796
Unlisted
Match 43853796
Overview
Messages
Build Orders
End
Vickers Machine Gun Team
Selects Australian Defense Battlegroup
Selects Australian Light Infantry Section
Australian Light Infantry Section
Royal Engineer Section
Construct Section Command Post
Infantry Section
Construct Field Infirmary
Infantry Section
Grenade Package
Aaron
ßoo
0
0
Comments
sign in to comment!
No comments posted yet!